 Dungeon Crawl Stone Soup version 0.28.0-45-g0d030f2227 (webtiles) character file.

Game seed: 9684903909626445753

57 nickcage the Cudgeller (level 3, 0/30 HPs)
             Began as a Minotaur Gladiator on Apr 13, 2022.
             Slain by a gnoll
             ... wielding a +0 spear
              (7 damage)
             ... on level 2 of the Dungeon.
             The game lasted 00:02:51 (1960 turns).

nickcage the Cudgeller (Minotaur Gladiator)         Turns: 1960, Time: 00:02:51

Health: 0/30       AC:  6    Str: 20    XL:     3   Next: 73%
Magic:  2/2        EV: 10    Int:  5    God:
Gold:   60         SH:  0    Dex: 11    Spells: 2/2 levels left

rFire   . . .      SeeInvis .   a - +0 flail
rCold   . . .      Faith    .   (no shield)
rNeg    . . .      Spirit   .   m - +0 scale mail
rPois   .          Reflect  .   c - +0 hat
rElec   .          Harm     .   (no cloak)
rCorr   .          Rampage  .   (no gloves)
Will    .....                   (no boots)
Stlth   ..........              (no amulet)
HPRegen 0.10/turn               (no ring)
MPRegen 0.08/turn               (no ring)

@: no status effects
A: horns 2, retaliatory headbutt
a: no special abilities


You were on level 2 of the Dungeon.
You visited 1 branch of the dungeon, and saw 2 of its levels.

You collected 60 gold pieces.

Inventory:

Hand Weapons
 a - a +0 flail (weapon)
Missiles
 d - 3 throwing nets (quivered)
Armour
 b - a +0 leather armour
 c - a +0 hat (worn)
 m - a +0 scale mail (worn)
Jewellery
 n - a +4 ring of evasion
Scrolls
 f - 2 scrolls of teleportation {unknown}
 h - a scroll of summoning {unknown}
 i - 4 scrolls of identify {unknown}
 j - a scroll of amnesia {unknown}
 k - a scroll of fog {unknown}
 l - a scroll of blinking {unknown}
 o - a scroll of torment {unknown}
Potions
 e - 2 potions of curing {unknown}
 g - a potion of might {unknown}


   Skills:
 - Level 2.4 Fighting
 + Level 5.3 Maces & Flails
 - Level 2.0 Throwing
 + Level 1.7 Armour
 - Level 3.2 Dodging


You had 2 spell levels left.
You didn't know any spells.
Your spell library was empty.

Dungeon Overview and Level Annotations

Branches:
Dungeon (2/15)

Altars:
Beogh


Innate Abilities, Weirdness & Mutations

You have a pair of horns on your head.
You reflexively headbutt those who attack you in melee.


Message History

The gnoll shouts!
The gnoll moves out of view.
A gnoll comes into view. It is wielding a +0 club.
A gnoll is nearby!
Found an escape hatch in the ceiling.
The gnoll shouts!
You hear a shout!
A gnoll comes into view. It is wielding a +0 spear.
The gnoll shouts!
The gnoll barely misses you. You furiously retaliate!
You headbutt the gnoll. You closely miss the gnoll.
The gnoll is moderately wounded.
The gnoll hits you with a +0 club.
You sock the gnoll!
You kill the gnoll!
You sock the gnoll!
You kill the gnoll!
The gnoll hits you from afar with a +0 spear.
The gnoll hits you with a +0 spear.
Things that are here:
a +0 whip; a +0 club; a gnoll corpse You barely miss the gnoll.
Your headbutt misses the gnoll. The gnoll hits you with a +0 spear.
You are too injured to fight recklessly!
You are too injured to fight recklessly!
You closely miss the gnoll. Your headbutt misses the gnoll.
The gnoll hits you with a +0 spear.
You barely miss the gnoll. The gnoll hits you with a +0 spear.
You closely miss the gnoll.
You headbutt the gnoll, but do no damage.
The gnoll hits you but does no damage.
You closely miss the gnoll. The gnoll barely misses you.
You closely miss the gnoll. The gnoll hits you with a +0 spear.
* * * LOW HITPOINT WARNING * * *
You barely miss the gnoll. The gnoll hits you but does no damage.
You closely miss the gnoll. Your headbutt misses the gnoll.
The gnoll hits you but does no damage. The gnoll hits you with a +0 spear.
* * * LOW HITPOINT WARNING * * *
You closely miss the gnoll. The gnoll closely misses you.
You barely miss the gnoll. The gnoll hits you with a +0 spear!
You die...

#......(....##.#
#.#.#
#......#######.#
#.#.# #<.....#
#.######.#.#
#......#
#.#......#.#
#......###
#.#.######.#
#.....g..#
#.#......#.#
##.....#.#
#.#####.##.#
#.....#g#
#..........#
#.....#@#
#######.####
#######.# #.#.<#
#.# #.#.##
#.###########.#...
#.............####
###############


You could see a gnoll.

Vanquished Creatures
  2 gnolls (D:2)
  A dart slug (D:1)
  6 ball pythons
  2 bats (D:1)
  2 endoplasms
  2 giant cockroaches (D:1)
  A goblin (D:1)
  3 hobgoblins
  3 jackals (D:2)
  A quokka (D:1)
  2 frilled lizards (D:1)
  6 kobolds
  2 rats (D:1)
33 creatures vanquished.

Vanquished Creatures (others)
  A plant (D:1)
1 creature vanquished.

Grand Total: 34 creatures vanquished

Notes
Turn   | Place    | Note
-------+----------+-------------------------------------------
     0 | D:1      | nickcage the Minotaur Gladiator began the quest for the
                  | Orb.
     0 | D:1      | Reached XP level 1. HP: 18/18 MP: 0/0
   181 | D:1      | Reached skill level 4 in Maces & Flails
   340 | D:1      | Reached XP level 2. HP: 25/25 MP: 1/1
   353 | D:1      | Found a faded altar of an unknown god.
  1424 | D:2      | Reached skill level 5 in Maces & Flails
  1449 | D:2      | Reached XP level 3. HP: 22/30 MP: 2/2
  1694 | D:2      | Reached skill level 1 in Armour
  1960 | D:2      | Slain by a gnoll

Illustrated notes

Levels and vault maps discovered:
D:1:      evilmike_arrival_fibonacci_small, layout_loops_corners,
          hellmonk_ecumenical_altar_defaced_shrine, serial_bayou_pond_e,
          serial_bayou_ford_a
D:2:      layout_basic

Skill      XL: |  1  2  3 |
---------------+----------+-----
Maces & Flails | 4 5 |  5.3
Armour         | 1 |  1.7
Fighting       | |  2.4
Throwing       | |  2.0
Dodging        | |  3.2

Action                   || total
-------------------------++-------
Melee: Flail             ||    80
       Headbutt          ||     8
       Punch             ||     3
 Stab: Sleeping          ||     1
Armor: Leather armour    ||    14
       Scale mail        ||     9
Dodge: Dodged            ||    35
